 Dungeon Crawl Stone Soup version 0.31-a0-83-gbff143cfd1 (webtiles) character file.

Game seed: 3569164652312528785

7 senseless the Trooper (level 2, 0/31 HPs)
             Began as an Ogre Warper on May 24, 2023.
             Frozen to death by an endoplasm (4 damage)
             ... on level 1 of the Dungeon.
             The game lasted 00:00:31 (314 turns).

senseless the Trooper (Ogre Warper)                  Turns: 314, Time: 00:00:33

Health: 0/31       AC:  3    Str: 14    XL:     2   Next: 4%
Magic:  5/5        EV:  9    Int: 14    God:
Gold:   11         SH:  0    Dex:  8    Spells: 4/6 levels left

rFire   . . .        a - +0 mace
rCold   . . .        (no shield)
rNeg    . . .        b - +0 robe
rPois   .            (helmet restricted)
rElec   .            (no cloak)
rCorr   .            (gloves unavailable)
SInv    .            (boots unavailable)
Will    .....        (no amulet)
Stlth   +            (no ring)
HPRegen 0.25/turn    (no ring)
MPRegen 0.09/turn

%: no passive effects
@: no status effects
A: large, unfitting armour, tough skin 1
a: no special abilities


You were on level 1 of the Dungeon.
You visited 1 branch of the dungeon, and saw 1 of its levels.

You collected 11 gold pieces.

Inventory:

Hand Weapons
 a - a +0 mace (weapon)
Missiles
 d - 7 boomerangs of dispersal (quivered)
Armour
 b - a +0 robe (worn)
Scrolls
 c - a scroll of blinking
 e - a scroll of summoning {unknown}
 g - a scroll of teleportation {unknown}
 h - a scroll of poison {unknown}
Potions
 f - 2 potions of degeneration {unknown}


   Skills:
 * Level 3.1 Fighting
 + Level 1.8 Maces & Flails
 - Level 1.0 Throwing
 + Level 2.2 Dodging
 + Level 2.5 Spellcasting
 + Level 2.7 Translocations


You had 4 spell levels left.
You knew the following spells:

 Your Spells              Type           Power      Damage    Failure   Level
a - Blink                 Tloc           18%        N/A       11%         2

Your spell library contained the following spells:

 Spells                   Type           Power      Damage    Failure   Level
 Lesser Beckoning         Tloc           18%        N/A       11%         2
 Teleport Other           Tloc           9%         N/A       22%         3
 Vhi's Electric Charge    Tloc/Air       8%         N/A       41%         3
 Manifold Assault         Tloc           9%         N/A       56%         4


Dungeon Overview and Level Annotations

Branches:
Dungeon (1/15)

Altars:


Innate Abilities, Weirdness & Mutations

You are too large for most types of armour.
You have tough skin. (AC +1)


Message History

You finish memorising.
Spell assigned to 'a'.
Things that are here:
7 stones; a ball python corpse You now have 9 gold pieces.
h - a scroll labelled TEKOTROONU You now have 11 gold pieces (gained 2).
A gnoll comes into view. It is wielding a +0 flail.
The gnoll shouts!
You hear an angry hiss.
A rat and an endoplasm come into view.
The endoplasm quivers.
A frilled lizard comes into view.
The gnoll closely misses you.
You closely miss the gnoll. The gnoll barely misses you.
The gnoll closely misses you.
You barely miss the gnoll. The gnoll closely misses you.
The frilled lizard closely misses you. The rat bites you.
You hit the gnoll.
The gnoll is moderately wounded.
The frilled lizard barely misses you. The endoplasm freezes you.
You are frozen.
The gnoll hits you with a +0 flail. The rat bites you but does no damage.
You hit the gnoll.
The gnoll is heavily wounded.
The frilled lizard bites you but does no damage.
The rat closely misses you. The endoplasm hits you.
The gnoll hits you with a +0 flail! The gnoll barely misses you.
The endoplasm freezes you.
You are frozen.
* * * LOW HITPOINT WARNING * * *
The frilled lizard bites you but does no damage.
The rat bites you but does no damage. The gnoll attacks as you move away!
The gnoll hits you with a +0 flail.
* * * LOW HITPOINT WARNING * * *
The frilled lizard attacks as you move away!
The frilled lizard bites you.
* * * LOW HITPOINT WARNING * * *
The endoplasm freezes you.
You are frozen.
You die...

#............#...... ..
#............+...... ...
#............#...... ....
#.......#...........
....###......###.........
..........##.............
.........##..##.........
###.....##..##.........
#.rJ@.....##.........
#.........####....##+
#.gl......# #....##.
#........... .##.
#....$....#. ...
............ .>
...#####..... #. ....
...#. +. ..... ..#
######.


You could see a gnoll, an endoplasm, a frilled lizard and a rat.

Vanquished Creatures
  A bat (D:1)
  A goblin (D:1)
  A hobgoblin (D:1)
  A quokka (D:1)
  2 ball pythons (D:1)
  A rat (D:1)
7 creatures vanquished.

Notes
Turn   | Place    | Note
-------+----------+-------------------------------------------
     0 | D:1      | senseless the Ogre Warper began the quest for the Orb.
     0 | D:1      | Reached XP level 1. HP: 22/22 MP: 3/3
   158 | D:1      | Reached skill level 3 in Fighting
   206 | D:1      | Reached XP level 2. HP: 30/31 MP: 5/5
   210 | D:1      | Learned a level 2 spell: Blink
   314 | D:1      | Frozen to death by an endoplasm

Illustrated notes

Levels and vault maps discovered:
D:1:      lightli_arrival_quake, layout_basic

Skill      XL: |  1 |
---------------+----+-----
Fighting       | 3 |  3.1
Maces & Flails | |  1.8
Throwing       | |  1.0
Dodging        | |  2.2
Spellcasting   | |  2.5
Translocations | |  2.7

Action                     || total
---------------------------++-------
  Melee: Mace              ||    26
 Armour: Robe              ||    17
  Dodge: Dodged            ||    29

Table legend: (Time is in decaauts)
 A = Elapsed time spent in this place.
 B = Non-inter-level travel time spent in this place.
 C = Inter-level travel time spent in this place.
 D = Time resting spent in this place.
 E = Time spent auto-exploring this place.
 F = Levels seen in this place.
 G = Mean time per level.
                   A        B        C        D        E       F      G
               +--------+--------+--------+--------+--------+-----+--------+
         Total |    322 |    322 |      0 |      0 |    261 |   1 |  322.0 |
       Dungeon |    322 |    322 |      0 |      0 |    261 |   1 |  322.0 |
               +--------+--------+--------+--------+--------+-----+--------+

Top non-repeatable levels by time:
     D:1: 322 daAuts
